Workbook

Sheet Panel
B2: Presupuesto de vacaciones en familia
B3: Resumen automático: cuánto costará el viaje, cuánto cuesta por persona y cuánto tienes que ahorrar cada mes hasta la salida.
B5: COSTE ESTIMADO TOTAL | D5: PREVISIÓN FINAL (REAL + ESTIMADO) | F5: OBJETIVO DE AHORRO (CON MARGEN) | H5: COSTE POR PERSONA
B6: =SUM(Partidas!G8:G47) | D6: =SUM(Partidas!I8:I47) | F6: =D6*(1+C19) | H6: =IF(I12=0,0,D6/I12)
B8: AHORRO MENSUAL NECESARIO | D8: AHORRADO HASTA AHORA | F8: FALTA POR AHORRAR | H8: DÍAS PARA LA SALIDA
B9: =IF(I15=0,0,MAX(0,F6-C18)/I15) | D9: =C18+SUM(Ahorro!D8:D43) | F9: =MAX(0,F6-D9) | H9: =IF(C13="",0,MAX(0,C13-TODAY()))
B11: DATOS DEL VIAJE Y DEL AHORRO
B12: Destino | C12: Costa mediterránea | E12: Personas que viajan | I12: =C15+C16
B13: Fecha de salida | C13: 46600 | E13: Días de viaje | I13: =IF(OR(C13="",C14=""),0,MAX(1,C14-C13+1))
B14: Fecha de regreso | C14: 46609 | E14: Noches | I14: =MAX(0,I13-1)
B15: Adultos | C15: 2 | E15: Meses de ahorro hasta la salida | I15: =IF(OR(C13="",C17=""),1,MAX(1,MIN(36,(YEAR(C13)-YEAR(C17))*12+MONTH(C13)-MONTH(C17))))
B16: Niños | C16: 2 | E16: Coste por persona y día | I16: =IF(I12*I13=0,0,D6/(I12*I13))
B17: Mes en que empiezas a ahorrar | C17: 46296 | E17: Meses con aportación registrada | I17: =COUNT(Ahorro!D8:D43)
B18: Ahorro ya reservado para el viaje (€) | C18: 500 | E18: Cuota mensual recalculada (lo que falta) | I18: =IF(F9=0,0,F9/MAX(1,I15-I17))
B19: Margen de imprevistos (%) | C19: 0.1 | E19: % del objetivo ya ahorrado | I19: =IF(F6=0,0,MIN(1,D9/F6))
B21: COSTE POR CATEGORÍA
B22: Categoría | C22: Estimado | D22: Previsión final | E22: Gastado (real) | F22: % del total | G22: Por persona | H22: Por día
B23: Transporte | C23: =SUMIF(Partidas!$C$8:$C$47,B23,Partidas!$G$8:$G$47) | D23: =SUMIF(Partidas!$C$8:$C$47,B23,Partidas!$I$8:$I$47) | E23: =SUMIF(Partidas!$C$8:$C$47,B23,Partidas!$H$8:$H$47) | F23: =IF($D$29=0,0,D23/$D$29) | G23: =IF($I$12=0,0,D23/$I$12) | H23: =IF($I$13=0,0,D23/$I$13)
B24: Alojamiento | C24: =SUMIF(Partidas!$C$8:$C$47,B24,Partidas!$G$8:$G$47) | D24: =SUMIF(Partidas!$C$8:$C$47,B24,Partidas!$I$8:$I$47) | E24: =SUMIF(Partidas!$C$8:$C$47,B24,Partidas!$H$8:$H$47) | F24: =IF($D$29=0,0,D24/$D$29) | G24: =IF($I$12=0,0,D24/$I$12) | H24: =IF($I$13=0,0,D24/$I$13)
B25: Comidas | C25: =SUMIF(Partidas!$C$8:$C$47,B25,Partidas!$G$8:$G$47) | D25: =SUMIF(Partidas!$C$8:$C$47,B25,Partidas!$I$8:$I$47) | E25: =SUMIF(Partidas!$C$8:$C$47,B25,Partidas!$H$8:$H$47) | F25: =IF($D$29=0,0,D25/$D$29) | G25: =IF($I$12=0,0,D25/$I$12) | H25: =IF($I$13=0,0,D25/$I$13)
B26: Actividades | C26: =SUMIF(Partidas!$C$8:$C$47,B26,Partidas!$G$8:$G$47) | D26: =SUMIF(Partidas!$C$8:$C$47,B26,Partidas!$I$8:$I$47) | E26: =SUMIF(Partidas!$C$8:$C$47,B26,Partidas!$H$8:$H$47) | F26: =IF($D$29=0,0,D26/$D$29) | G26: =IF($I$12=0,0,D26/$I$12) | H26: =IF($I$13=0,0,D26/$I$13)
B27: Niños | C27: =SUMIF(Partidas!$C$8:$C$47,B27,Partidas!$G$8:$G$47) | D27: =SUMIF(Partidas!$C$8:$C$47,B27,Partidas!$I$8:$I$47) | E27: =SUMIF(Partidas!$C$8:$C$47,B27,Partidas!$H$8:$H$47) | F27: =IF($D$29=0,0,D27/$D$29) | G27: =IF($I$12=0,0,D27/$I$12) | H27: =IF($I$13=0,0,D27/$I$13)
B28: Otros | C28: =SUMIF(Partidas!$C$8:$C$47,B28,Partidas!$G$8:$G$47) | D28: =SUMIF(Partidas!$C$8:$C$47,B28,Partidas!$I$8:$I$47) | E28: =SUMIF(Partidas!$C$8:$C$47,B28,Partidas!$H$8:$H$47) | F28: =IF($D$29=0,0,D28/$D$29) | G28: =IF($I$12=0,0,D28/$I$12) | H28: =IF($I$13=0,0,D28/$I$13)
B29: Total | C29: =SUM(C23:C28) | D29: =SUM(D23:D28) | E29: =SUM(E23:E28) | F29: =SUM(F23:F28) | G29: =SUM(G23:G28) | H29: =SUM(H23:H28)
B30: Partidas sin categoría (revisa la hoja Partidas) | D30: =ROUND(D6-D29,2)

Sheet Partidas
B2: Partidas del viaje: estimado frente a real
B3: Una fila por gasto. Elige el tipo de coste (fijo, por persona, por día...) y la plantilla calcula el estimado; cuando pagues de verdad, apunta el real.
B5: Personas / días / noches: | C5: =Panel!I12 | D5: =Panel!I13 | E5: =Panel!I14 | F5: TOTALES: | G5: =SUM(G8:G47) | H5: =SUM(H8:H47) | I5: =SUM(I8:I47)
B7: Partida | C7: Categoría | D7: Aplica a | E7: Tipo de coste | F7: Importe unitario (€) | G7: Estimado | H7: Real (ya pagado o confirmado) | I7: Previsión final | J7: Diferencia (real − estimado) | K7: Estado | L7: Notas
B8: Gasolina ida y vuelta | C8: Transporte | D8: Todos | E8: Fijo | F8: 190 | G8: =IF(OR(B8="",F8=""),"",F8*IF(E8="Por persona",IF(D8="Adultos",Panel!$C$15,IF(D8="Niños",Panel!$C$16,Panel!$I$12)),IF(E8="Por persona y día",IF(D8="Adultos",Panel!$C$15,IF(D8="Niños",Panel!$C$16,Panel!$I$12))*Panel!$I$13,IF(E8="Por día",Panel!$I$13,IF(E8="Por noche",Panel!$I$14,1))))) | H8: 205 | I8: =IF(B8="","",IF(H8="",N(G8),H8)) | J8: =IF(OR(B8="",H8=""),"",H8-N(G8)) | K8: =IF(B8="","",IF(H8="","Pendiente",IF(H8>N(G8),"Excedido","En presupuesto"))) | L8: Unos 1.100 km en total
B9: Peajes de autopista | C9: Transporte | D9: Todos | E9: Fijo | F9: 58 | G9: =IF(OR(B9="",F9=""),"",F9*IF(E9="Por persona",IF(D9="Adultos",Panel!$C$15,IF(D9="Niños",Panel!$C$16,Panel!$I$12)),IF(E9="Por persona y día",IF(D9="Adultos",Panel!$C$15,IF(D9="Niños",Panel!$C$16,Panel!$I$12))*Panel!$I$13,IF(E9="Por día",Panel!$I$13,IF(E9="Por noche",Panel!$I$14,1))))) | I9: =IF(B9="","",IF(H9="",N(G9),H9)) | J9: =IF(OR(B9="",H9=""),"",H9-N(G9)) | K9: =IF(B9="","",IF(H9="","Pendiente",IF(H9>N(G9),"Excedido","En presupuesto")))
B10: Apartamento (9 noches) | C10: Alojamiento | D10: Todos | E10: Por noche | F10: 110 | G10: =IF(OR(B10="",F10=""),"",F10*IF(E10="Por persona",IF(D10="Adultos",Panel!$C$15,IF(D10="Niños",Panel!$C$16,Panel!$I$12)),IF(E10="Por persona y día",IF(D10="Adultos",Panel!$C$15,IF(D10="Niños",Panel!$C$16,Panel!$I$12))*Panel!$I$13,IF(E10="Por día",Panel!$I$13,IF(E10="Por noche",Panel!$I$14,1))))) | H10: 1020 | I10: =IF(B10="","",IF(H10="",N(G10),H10)) | J10: =IF(OR(B10="",H10=""),"",H10-N(G10)) | K10: =IF(B10="","",IF(H10="","Pendiente",IF(H10>N(G10),"Excedido","En presupuesto"))) | L10: Reservado con 25 % de señal
B11: Limpieza final y tasa turística | C11: Alojamiento | D11: Todos | E11: Fijo | F11: 60 | G11: =IF(OR(B11="",F11=""),"",F11*IF(E11="Por persona",IF(D11="Adultos",Panel!$C$15,IF(D11="Niños",Panel!$C$16,Panel!$I$12)),IF(E11="Por persona y día",IF(D11="Adultos",Panel!$C$15,IF(D11="Niños",Panel!$C$16,Panel!$I$12))*Panel!$I$13,IF(E11="Por día",Panel!$I$13,IF(E11="Por noche",Panel!$I$14,1))))) | H11: 60 | I11: =IF(B11="","",IF(H11="",N(G11),H11)) | J11: =IF(OR(B11="",H11=""),"",H11-N(G11)) | K11: =IF(B11="","",IF(H11="","Pendiente",IF(H11>N(G11),"Excedido","En presupuesto")))
B12: Compra de supermercado | C12: Comidas | D12: Todos | E12: Por persona y día | F12: 9 | G12: =IF(OR(B12="",F12=""),"",F12*IF(E12="Por persona",IF(D12="Adultos",Panel!$C$15,IF(D12="Niños",Panel!$C$16,Panel!$I$12)),IF(E12="Por persona y día",IF(D12="Adultos",Panel!$C$15,IF(D12="Niños",Panel!$C$16,Panel!$I$12))*Panel!$I$13,IF(E12="Por día",Panel!$I$13,IF(E12="Por noche",Panel!$I$14,1))))) | I12: =IF(B12="","",IF(H12="",N(G12),H12)) | J12: =IF(OR(B12="",H12=""),"",H12-N(G12)) | K12: =IF(B12="","",IF(H12="","Pendiente",IF(H12>N(G12),"Excedido","En presupuesto"))) | L12: Desayunos, meriendas y cenas en casa
B13: Comidas en restaurante (adultos) | C13: Comidas | D13: Adultos | E13: Por persona y día | F13: 14 | G13: =IF(OR(B13="",F13=""),"",F13*IF(E13="Por persona",IF(D13="Adultos",Panel!$C$15,IF(D13="Niños",Panel!$C$16,Panel!$I$12)),IF(E13="Por persona y día",IF(D13="Adultos",Panel!$C$15,IF(D13="Niños",Panel!$C$16,Panel!$I$12))*Panel!$I$13,IF(E13="Por día",Panel!$I$13,IF(E13="Por noche",Panel!$I$14,1))))) | I13: =IF(B13="","",IF(H13="",N(G13),H13)) | J13: =IF(OR(B13="",H13=""),"",H13-N(G13)) | K13: =IF(B13="","",IF(H13="","Pendiente",IF(H13>N(G13),"Excedido","En presupuesto"))) | L13: Una comida fuera cada dos días, de media
B14: Menús infantiles | C14: Comidas | D14: Niños | E14: Por persona y día | F14: 8 | G14: =IF(OR(B14="",F14=""),"",F14*IF(E14="Por persona",IF(D14="Adultos",Panel!$C$15,IF(D14="Niños",Panel!$C$16,Panel!$I$12)),IF(E14="Por persona y día",IF(D14="Adultos",Panel!$C$15,IF(D14="Niños",Panel!$C$16,Panel!$I$12))*Panel!$I$13,IF(E14="Por día",Panel!$I$13,IF(E14="Por noche",Panel!$I$14,1))))) | I14: =IF(B14="","",IF(H14="",N(G14),H14)) | J14: =IF(OR(B14="",H14=""),"",H14-N(G14)) | K14: =IF(B14="","",IF(H14="","Pendiente",IF(H14>N(G14),"Excedido","En presupuesto")))
B15: Entradas del parque acuático (adultos) | C15: Actividades | D15: Adultos | E15: Por persona | F15: 28 | G15: =IF(OR(B15="",F15=""),"",F15*IF(E15="Por persona",IF(D15="Adultos",Panel!$C$15,IF(D15="Niños",Panel!$C$16,Panel!$I$12)),IF(E15="Por persona y día",IF(D15="Adultos",Panel!$C$15,IF(D15="Niños",Panel!$C$16,Panel!$I$12))*Panel!$I$13,IF(E15="Por día",Panel!$I$13,IF(E15="Por noche",Panel!$I$14,1))))) | H15: 56 | I15: =IF(B15="","",IF(H15="",N(G15),H15)) | J15: =IF(OR(B15="",H15=""),"",H15-N(G15)) | K15: =IF(B15="","",IF(H15="","Pendiente",IF(H15>N(G15),"Excedido","En presupuesto"))) | L15: Entradas compradas online
B16: Entradas del parque acuático (niños) | C16: Actividades | D16: Niños | E16: Por persona | F16: 18 | G16: =IF(OR(B16="",F16=""),"",F16*IF(E16="Por persona",IF(D16="Adultos",Panel!$C$15,IF(D16="Niños",Panel!$C$16,Panel!$I$12)),IF(E16="Por persona y día",IF(D16="Adultos",Panel!$C$15,IF(D16="Niños",Panel!$C$16,Panel!$I$12))*Panel!$I$13,IF(E16="Por día",Panel!$I$13,IF(E16="Por noche",Panel!$I$14,1))))) | H16: 36 | I16: =IF(B16="","",IF(H16="",N(G16),H16)) | J16: =IF(OR(B16="",H16=""),"",H16-N(G16)) | K16: =IF(B16="","",IF(H16="","Pendiente",IF(H16>N(G16),"Excedido","En presupuesto")))
B17: Excursión en barco | C17: Actividades | D17: Todos | E17: Por persona | F17: 15 | G17: =IF(OR(B17="",F17=""),"",F17*IF(E17="Por persona",IF(D17="Adultos",Panel!$C$15,IF(D17="Niños",Panel!$C$16,Panel!$I$12)),IF(E17="Por persona y día",IF(D17="Adultos",Panel!$C$15,IF(D17="Niños",Panel!$C$16,Panel!$I$12))*Panel!$I$13,IF(E17="Por día",Panel!$I$13,IF(E17="Por noche",Panel!$I$14,1))))) | I17: =IF(B17="","",IF(H17="",N(G17),H17)) | J17: =IF(OR(B17="",H17=""),"",H17-N(G17)) | K17: =IF(B17="","",IF(H17="","Pendiente",IF(H17>N(G17),"Excedido","En presupuesto")))
B18: Sombrilla y hamacas | C18: Actividades | D18: Todos | E18: Por día | F18: 6 | G18: =IF(OR(B18="",F18=""),"",F18*IF(E18="Por persona",IF(D18="Adultos",Panel!$C$15,IF(D18="Niños",Panel!$C$16,Panel!$I$12)),IF(E18="Por persona y día",IF(D18="Adultos",Panel!$C$15,IF(D18="Niños",Panel!$C$16,Panel!$I$12))*Panel!$I$13,IF(E18="Por día",Panel!$I$13,IF(E18="Por noche",Panel!$I$14,1))))) | I18: =IF(B18="","",IF(H18="",N(G18),H18)) | J18: =IF(OR(B18="",H18=""),"",H18-N(G18)) | K18: =IF(B18="","",IF(H18="","Pendiente",IF(H18>N(G18),"Excedido","En presupuesto"))) | L18: Solo los días de playa; ajusta el importe
B19: Club infantil de verano | C19: Niños | D19: Niños | E19: Por persona | F19: 35 | G19: =IF(OR(B19="",F19=""),"",F19*IF(E19="Por persona",IF(D19="Adultos",Panel!$C$15,IF(D19="Niños",Panel!$C$16,Panel!$I$12)),IF(E19="Por persona y día",IF(D19="Adultos",Panel!$C$15,IF(D19="Niños",Panel!$C$16,Panel!$I$12))*Panel!$I$13,IF(E19="Por día",Panel!$I$13,IF(E19="Por noche",Panel!$I$14,1))))) | H19: 70 | I19: =IF(B19="","",IF(H19="",N(G19),H19)) | J19: =IF(OR(B19="",H19=""),"",H19-N(G19)) | K19: =IF(B19="","",IF(H19="","Pendiente",IF(H19>N(G19),"Excedido","En presupuesto"))) | L19: Tres mañanas
B20: Helados y caprichos | C20: Niños | D20: Niños | E20: Por persona y día | F20: 3 | G20: =IF(OR(B20="",F20=""),"",F20*IF(E20="Por persona",IF(D20="Adultos",Panel!$C$15,IF(D20="Niños",Panel!$C$16,Panel!$I$12)),IF(E20="Por persona y día",IF(D20="Adultos",Panel!$C$15,IF(D20="Niños",Panel!$C$16,Panel!$I$12))*Panel!$I$13,IF(E20="Por día",Panel!$I$13,IF(E20="Por noche",Panel!$I$14,1))))) | I20: =IF(B20="","",IF(H20="",N(G20),H20)) | J20: =IF(OR(B20="",H20=""),"",H20-N(G20)) | K20: =IF(B20="","",IF(H20="","Pendiente",IF(H20>N(G20),"Excedido","En presupuesto")))
B21: Seguro de viaje | C21: Otros | D21: Todos | E21: Por persona | F21: 12 | G21: =IF(OR(B21="",F21=""),"",F21*IF(E21="Por persona",IF(D21="Adultos",Panel!$C$15,IF(D21="Niños",Panel!$C$16,Panel!$I$12)),IF(E21="Por persona y día",IF(D21="Adultos",Panel!$C$15,IF(D21="Niños",Panel!$C$16,Panel!$I$12))*Panel!$I$13,IF(E21="Por día",Panel!$I$13,IF(E21="Por noche",Panel!$I$14,1))))) | H21: 48 | I21: =IF(B21="","",IF(H21="",N(G21),H21)) | J21: =IF(OR(B21="",H21=""),"",H21-N(G21)) | K21: =IF(B21="","",IF(H21="","Pendiente",IF(H21>N(G21),"Excedido","En presupuesto")))
B22: Recuerdos y regalos | C22: Otros | D22: Todos | E22: Fijo | F22: 80 | G22: =IF(OR(B22="",F22=""),"",F22*IF(E22="Por persona",IF(D22="Adultos",Panel!$C$15,IF(D22="Niños",Panel!$C$16,Panel!$I$12)),IF(E22="Por persona y día",IF(D22="Adultos",Panel!$C$15,IF(D22="Niños",Panel!$C$16,Panel!$I$12))*Panel!$I$13,IF(E22="Por día",Panel!$I$13,IF(E22="Por noche",Panel!$I$14,1))))) | I22: =IF(B22="","",IF(H22="",N(G22),H22)) | J22: =IF(OR(B22="",H22=""),"",H22-N(G22)) | K22: =IF(B22="","",IF(H22="","Pendiente",IF(H22>N(G22),"Excedido","En presupuesto")))
G23: =IF(OR(B23="",F23=""),"",F23*IF(E23="Por persona",IF(D23="Adultos",Panel!$C$15,IF(D23="Niños",Panel!$C$16,Panel!$I$12)),IF(E23="Por persona y día",IF(D23="Adultos",Panel!$C$15,IF(D23="Niños",Panel!$C$16,Panel!$I$12))*Panel!$I$13,IF(E23="Por día",Panel!$I$13,IF(E23="Por noche",Panel!$I$14,1))))) | I23: =IF(B23="","",IF(H23="",N(G23),H23)) | J23: =IF(OR(B23="",H23=""),"",H23-N(G23)) | K23: =IF(B23="","",IF(H23="","Pendiente",IF(H23>N(G23),"Excedido","En presupuesto")))
G24: =IF(OR(B24="",F24=""),"",F24*IF(E24="Por persona",IF(D24="Adultos",Panel!$C$15,IF(D24="Niños",Panel!$C$16,Panel!$I$12)),IF(E24="Por persona y día",IF(D24="Adultos",Panel!$C$15,IF(D24="Niños",Panel!$C$16,Panel!$I$12))*Panel!$I$13,IF(E24="Por día",Panel!$I$13,IF(E24="Por noche",Panel!$I$14,1))))) | I24: =IF(B24="","",IF(H24="",N(G24),H24)) | J24: =IF(OR(B24="",H24=""),"",H24-N(G24)) | K24: =IF(B24="","",IF(H24="","Pendiente",IF(H24>N(G24),"Excedido","En presupuesto")))
G25: =IF(OR(B25="",F25=""),"",F25*IF(E25="Por persona",IF(D25="Adultos",Panel!$C$15,IF(D25="Niños",Panel!$C$16,Panel!$I$12)),IF(E25="Por persona y día",IF(D25="Adultos",Panel!$C$15,IF(D25="Niños",Panel!$C$16,Panel!$I$12))*Panel!$I$13,IF(E25="Por día",Panel!$I$13,IF(E25="Por noche",Panel!$I$14,1))))) | I25: =IF(B25="","",IF(H25="",N(G25),H25)) | J25: =IF(OR(B25="",H25=""),"",H25-N(G25)) | K25: =IF(B25="","",IF(H25="","Pendiente",IF(H25>N(G25),"Excedido","En presupuesto")))
G26: =IF(OR(B26="",F26=""),"",F26*IF(E26="Por persona",IF(D26="Adultos",Panel!$C$15,IF(D26="Niños",Panel!$C$16,Panel!$I$12)),IF(E26="Por persona y día",IF(D26="Adultos",Panel!$C$15,IF(D26="Niños",Panel!$C$16,Panel!$I$12))*Panel!$I$13,IF(E26="Por día",Panel!$I$13,IF(E26="Por noche",Panel!$I$14,1))))) | I26: =IF(B26="","",IF(H26="",N(G26),H26)) | J26: =IF(OR(B26="",H26=""),"",H26-N(G26)) | K26: =IF(B26="","",IF(H26="","Pendiente",IF(H26>N(G26),"Excedido","En presupuesto")))
G27: =IF(OR(B27="",F27=""),"",F27*IF(E27="Por persona",IF(D27="Adultos",Panel!$C$15,IF(D27="Niños",Panel!$C$16,Panel!$I$12)),IF(E27="Por persona y día",IF(D27="Adultos",Panel!$C$15,IF(D27="Niños",Panel!$C$16,Panel!$I$12))*Panel!$I$13,IF(E27="Por día",Panel!$I$13,IF(E27="Por noche",Panel!$I$14,1))))) | I27: =IF(B27="","",IF(H27="",N(G27),H27)) | J27: =IF(OR(B27="",H27=""),"",H27-N(G27)) | K27: =IF(B27="","",IF(H27="","Pendiente",IF(H27>N(G27),"Excedido","En presupuesto")))
G28: =IF(OR(B28="",F28=""),"",F28*IF(E28="Por persona",IF(D28="Adultos",Panel!$C$15,IF(D28="Niños",Panel!$C$16,Panel!$I$12)),IF(E28="Por persona y día",IF(D28="Adultos",Panel!$C$15,IF(D28="Niños",Panel!$C$16,Panel!$I$12))*Panel!$I$13,IF(E28="Por día",Panel!$I$13,IF(E28="Por noche",Panel!$I$14,1))))) | I28: =IF(B28="","",IF(H28="",N(G28),H28)) | J28: =IF(OR(B28="",H28=""),"",H28-N(G28)) | K28: =IF(B28="","",IF(H28="","Pendiente",IF(H28>N(G28),"Excedido","En presupuesto")))
G29: =IF(OR(B29="",F29=""),"",F29*IF(E29="Por persona",IF(D29="Adultos",Panel!$C$15,IF(D29="Niños",Panel!$C$16,Panel!$I$12)),IF(E29="Por persona y día",IF(D29="Adultos",Panel!$C$15,IF(D29="Niños",Panel!$C$16,Panel!$I$12))*Panel!$I$13,IF(E29="Por día",Panel!$I$13,IF(E29="Por noche",Panel!$I$14,1))))) | I29: =IF(B29="","",IF(H29="",N(G29),H29)) | J29: =IF(OR(B29="",H29=""),"",H29-N(G29)) | K29: =IF(B29="","",IF(H29="","Pendiente",IF(H29>N(G29),"Excedido","En presupuesto")))
G30: =IF(OR(B30="",F30=""),"",F30*IF(E30="Por persona",IF(D30="Adultos",Panel!$C$15,IF(D30="Niños",Panel!$C$16,Panel!$I$12)),IF(E30="Por persona y día",IF(D30="Adultos",Panel!$C$15,IF(D30="Niños",Panel!$C$16,Panel!$I$12))*Panel!$I$13,IF(E30="Por día",Panel!$I$13,IF(E30="Por noche",Panel!$I$14,1))))) | I30: =IF(B30="","",IF(H30="",N(G30),H30)) | J30: =IF(OR(B30="",H30=""),"",H30-N(G30)) | K30: =IF(B30="","",IF(H30="","Pendiente",IF(H30>N(G30),"Excedido","En presupuesto")))
G31: =IF(OR(B31="",F31=""),"",F31*IF(E31="Por persona",IF(D31="Adultos",Panel!$C$15,IF(D31="Niños",Panel!$C$16,Panel!$I$12)),IF(E31="Por persona y día",IF(D31="Adultos",Panel!$C$15,IF(D31="Niños",Panel!$C$16,Panel!$I$12))*Panel!$I$13,IF(E31="Por día",Panel!$I$13,IF(E31="Por noche",Panel!$I$14,1))))) | I31: =IF(B31="","",IF(H31="",N(G31),H31)) | J31: =IF(OR(B31="",H31=""),"",H31-N(G31)) | K31: =IF(B31="","",IF(H31="","Pendiente",IF(H31>N(G31),"Excedido","En presupuesto")))
G32: =IF(OR(B32="",F32=""),"",F32*IF(E32="Por persona",IF(D32="Adultos",Panel!$C$15,IF(D32="Niños",Panel!$C$16,Panel!$I$12)),IF(E32="Por persona y día",IF(D32="Adultos",Panel!$C$15,IF(D32="Niños",Panel!$C$16,Panel!$I$12))*Panel!$I$13,IF(E32="Por día",Panel!$I$13,IF(E32="Por noche",Panel!$I$14,1))))) | I32: =IF(B32="","",IF(H32="",N(G32),H32)) | J32: =IF(OR(B32="",H32=""),"",H32-N(G32)) | K32: =IF(B32="","",IF(H32="","Pendiente",IF(H32>N(G32),"Excedido","En presupuesto")))
G33: =IF(OR(B33="",F33=""),"",F33*IF(E33="Por persona",IF(D33="Adultos",Panel!$C$15,IF(D33="Niños",Panel!$C$16,Panel!$I$12)),IF(E33="Por persona y día",IF(D33="Adultos",Panel!$C$15,IF(D33="Niños",Panel!$C$16,Panel!$I$12))*Panel!$I$13,IF(E33="Por día",Panel!$I$13,IF(E33="Por noche",Panel!$I$14,1))))) | I33: =IF(B33="","",IF(H33="",N(G33),H33)) | J33: =IF(OR(B33="",H33=""),"",H33-N(G33)) | K33: =IF(B33="","",IF(H33="","Pendiente",IF(H33>N(G33),"Excedido","En presupuesto")))
G34: =IF(OR(B34="",F34=""),"",F34*IF(E34="Por persona",IF(D34="Adultos",Panel!$C$15,IF(D34="Niños",Panel!$C$16,Panel!$I$12)),IF(E34="Por persona y día",IF(D34="Adultos",Panel!$C$15,IF(D34="Niños",Panel!$C$16,Panel!$I$12))*Panel!$I$13,IF(E34="Por día",Panel!$I$13,IF(E34="Por noche",Panel!$I$14,1))))) | I34: =IF(B34="","",IF(H34="",N(G34),H34)) | J34: =IF(OR(B34="",H34=""),"",H34-N(G34)) | K34: =IF(B34="","",IF(H34="","Pendiente",IF(H34>N(G34),"Excedido","En presupuesto")))
... G47: =IF(OR(B47="",F47=""),"",F47*IF(E47="Por persona",IF(D47="Adultos",Panel!$C$15,IF(D47="Niños",Panel!$C$16,Panel!$I$12)),IF(E47="Por persona y día",IF(D47="Adultos",Panel!$C$15,IF(D47="Niños",Panel!$C$16,Panel!$I$12))*Panel!$I$13,IF(E47="Por día",Panel!$I$13,IF(E47="Por noche",Panel!$I$14,1))))) | I47: =IF(B47="","",IF(H47="",N(G47),H47)) | J47: =IF(OR(B47="",H47=""),"",H47-N(G47)) | K47: =IF(B47="","",IF(H47="","Pendiente",IF(H47>N(G47),"Excedido","En presupuesto")))

Sheet Ahorro
B2: Plan de ahorro hasta la salida
B3: Un mes por fila desde que empiezas a ahorrar hasta el mes de la salida. Apunta lo que aportas cada mes y compara con el ritmo previsto.
B5: Cuota mensual del plan: | D5: =Panel!B9 | E5: Ahorro ya reservado: | F5: =Panel!C18
B7: Mes | C7: Aporte previsto | D7: Aporte real | E7: Acumulado previsto | F7: Acumulado real | G7: Diferencia | H7: Estado
B8: =IF(1<=Panel!$I$15,EDATE(DATE(YEAR(Panel!$C$17),MONTH(Panel!$C$17),1),1-1),"") | C8: =IF(B8="","",Panel!$B$9) | D8: 250 | E8: =IF(B8="","",Panel!$C$18+C8*1) | F8: =IF(OR(B8="",D8=""),"",Panel!$C$18+SUM($D$8:D8)) | G8: =IF(F8="","",F8-E8) | H8: =IF(B8="","",IF(D8="","Pendiente",IF(G8>=0,"Al día","Por debajo")))
B9: =IF(2<=Panel!$I$15,EDATE(DATE(YEAR(Panel!$C$17),MONTH(Panel!$C$17),1),2-1),"") | C9: =IF(B9="","",Panel!$B$9) | D9: 300 | E9: =IF(B9="","",Panel!$C$18+C9*2) | F9: =IF(OR(B9="",D9=""),"",Panel!$C$18+SUM($D$8:D9)) | G9: =IF(F9="","",F9-E9) | H9: =IF(B9="","",IF(D9="","Pendiente",IF(G9>=0,"Al día","Por debajo")))
B10: =IF(3<=Panel!$I$15,EDATE(DATE(YEAR(Panel!$C$17),MONTH(Panel!$C$17),1),3-1),"") | C10: =IF(B10="","",Panel!$B$9) | D10: 200 | E10: =IF(B10="","",Panel!$C$18+C10*3) | F10: =IF(OR(B10="",D10=""),"",Panel!$C$18+SUM($D$8:D10)) | G10: =IF(F10="","",F10-E10) | H10: =IF(B10="","",IF(D10="","Pendiente",IF(G10>=0,"Al día","Por debajo")))
B11: =IF(4<=Panel!$I$15,EDATE(DATE(YEAR(Panel!$C$17),MONTH(Panel!$C$17),1),4-1),"") | C11: =IF(B11="","",Panel!$B$9) | D11: 300 | E11: =IF(B11="","",Panel!$C$18+C11*4) | F11: =IF(OR(B11="",D11=""),"",Panel!$C$18+SUM($D$8:D11)) | G11: =IF(F11="","",F11-E11) | H11: =IF(B11="","",IF(D11="","Pendiente",IF(G11>=0,"Al día","Por debajo")))
B12: =IF(5<=Panel!$I$15,EDATE(DATE(YEAR(Panel!$C$17),MONTH(Panel!$C$17),1),5-1),"") | C12: =IF(B12="","",Panel!$B$9) | E12: =IF(B12="","",Panel!$C$18+C12*5) | F12: =IF(OR(B12="",D12=""),"",Panel!$C$18+SUM($D$8:D12)) | G12: =IF(F12="","",F12-E12) | H12: =IF(B12="","",IF(D12="","Pendiente",IF(G12>=0,"Al día","Por debajo")))
B13: =IF(6<=Panel!$I$15,EDATE(DATE(YEAR(Panel!$C$17),MONTH(Panel!$C$17),1),6-1),"") | C13: =IF(B13="","",Panel!$B$9) | E13: =IF(B13="","",Panel!$C$18+C13*6) | F13: =IF(OR(B13="",D13=""),"",Panel!$C$18+SUM($D$8:D13)) | G13: =IF(F13="","",F13-E13) | H13: =IF(B13="","",IF(D13="","Pendiente",IF(G13>=0,"Al día","Por debajo")))
B14: =IF(7<=Panel!$I$15,EDATE(DATE(YEAR(Panel!$C$17),MONTH(Panel!$C$17),1),7-1),"") | C14: =IF(B14="","",Panel!$B$9) | E14: =IF(B14="","",Panel!$C$18+C14*7) | F14: =IF(OR(B14="",D14=""),"",Panel!$C$18+SUM($D$8:D14)) | G14: =IF(F14="","",F14-E14) | H14: =IF(B14="","",IF(D14="","Pendiente",IF(G14>=0,"Al día","Por debajo")))
B15: =IF(8<=Panel!$I$15,EDATE(DATE(YEAR(Panel!$C$17),MONTH(Panel!$C$17),1),8-1),"") | C15: =IF(B15="","",Panel!$B$9) | E15: =IF(B15="","",Panel!$C$18+C15*8) | F15: =IF(OR(B15="",D15=""),"",Panel!$C$18+SUM($D$8:D15)) | G15: =IF(F15="","",F15-E15) | H15: =IF(B15="","",IF(D15="","Pendiente",IF(G15>=0,"Al día","Por debajo")))
B16: =IF(9<=Panel!$I$15,EDATE(DATE(YEAR(Panel!$C$17),MONTH(Panel!$C$17),1),9-1),"") | C16: =IF(B16="","",Panel!$B$9) | E16: =IF(B16="","",Panel!$C$18+C16*9) | F16: =IF(OR(B16="",D16=""),"",Panel!$C$18+SUM($D$8:D16)) | G16: =IF(F16="","",F16-E16) | H16: =IF(B16="","",IF(D16="","Pendiente",IF(G16>=0,"Al día","Por debajo")))
B17: =IF(10<=Panel!$I$15,EDATE(DATE(YEAR(Panel!$C$17),MONTH(Panel!$C$17),1),10-1),"") | C17: =IF(B17="","",Panel!$B$9) | E17: =IF(B17="","",Panel!$C$18+C17*10) | F17: =IF(OR(B17="",D17=""),"",Panel!$C$18+SUM($D$8:D17)) | G17: =IF(F17="","",F17-E17) | H17: =IF(B17="","",IF(D17="","Pendiente",IF(G17>=0,"Al día","Por debajo")))
B18: =IF(11<=Panel!$I$15,EDATE(DATE(YEAR(Panel!$C$17),MONTH(Panel!$C$17),1),11-1),"") | C18: =IF(B18="","",Panel!$B$9) | E18: =IF(B18="","",Panel!$C$18+C18*11) | F18: =IF(OR(B18="",D18=""),"",Panel!$C$18+SUM($D$8:D18)) | G18: =IF(F18="","",F18-E18) | H18: =IF(B18="","",IF(D18="","Pendiente",IF(G18>=0,"Al día","Por debajo")))
B19: =IF(12<=Panel!$I$15,EDATE(DATE(YEAR(Panel!$C$17),MONTH(Panel!$C$17),1),12-1),"") | C19: =IF(B19="","",Panel!$B$9) | E19: =IF(B19="","",Panel!$C$18+C19*12) | F19: =IF(OR(B19="",D19=""),"",Panel!$C$18+SUM($D$8:D19)) | G19: =IF(F19="","",F19-E19) | H19: =IF(B19="","",IF(D19="","Pendiente",IF(G19>=0,"Al día","Por debajo")))
B20: =IF(13<=Panel!$I$15,EDATE(DATE(YEAR(Panel!$C$17),MONTH(Panel!$C$17),1),13-1),"") | C20: =IF(B20="","",Panel!$B$9) | E20: =IF(B20="","",Panel!$C$18+C20*13) | F20: =IF(OR(B20="",D20=""),"",Panel!$C$18+SUM($D$8:D20)) | G20: =IF(F20="","",F20-E20) | H20: =IF(B20="","",IF(D20="","Pendiente",IF(G20>=0,"Al día","Por debajo")))
B21: =IF(14<=Panel!$I$15,EDATE(DATE(YEAR(Panel!$C$17),MONTH(Panel!$C$17),1),14-1),"") | C21: =IF(B21="","",Panel!$B$9) | E21: =IF(B21="","",Panel!$C$18+C21*14) | F21: =IF(OR(B21="",D21=""),"",Panel!$C$18+SUM($D$8:D21)) | G21: =IF(F21="","",F21-E21) | H21: =IF(B21="","",IF(D21="","Pendiente",IF(G21>=0,"Al día","Por debajo")))
B22: =IF(15<=Panel!$I$15,EDATE(DATE(YEAR(Panel!$C$17),MONTH(Panel!$C$17),1),15-1),"") | C22: =IF(B22="","",Panel!$B$9) | E22: =IF(B22="","",Panel!$C$18+C22*15) | F22: =IF(OR(B22="",D22=""),"",Panel!$C$18+SUM($D$8:D22)) | G22: =IF(F22="","",F22-E22) | H22: =IF(B22="","",IF(D22="","Pendiente",IF(G22>=0,"Al día","Por debajo")))
B23: =IF(16<=Panel!$I$15,EDATE(DATE(YEAR(Panel!$C$17),MONTH(Panel!$C$17),1),16-1),"") | C23: =IF(B23="","",Panel!$B$9) | E23: =IF(B23="","",Panel!$C$18+C23*16) | F23: =IF(OR(B23="",D23=""),"",Panel!$C$18+SUM($D$8:D23)) | G23: =IF(F23="","",F23-E23) | H23: =IF(B23="","",IF(D23="","Pendiente",IF(G23>=0,"Al día","Por debajo")))
B24: =IF(17<=Panel!$I$15,EDATE(DATE(YEAR(Panel!$C$17),MONTH(Panel!$C$17),1),17-1),"") | C24: =IF(B24="","",Panel!$B$9) | E24: =IF(B24="","",Panel!$C$18+C24*17) | F24: =IF(OR(B24="",D24=""),"",Panel!$C$18+SUM($D$8:D24)) | G24: =IF(F24="","",F24-E24) | H24: =IF(B24="","",IF(D24="","Pendiente",IF(G24>=0,"Al día","Por debajo")))
B25: =IF(18<=Panel!$I$15,EDATE(DATE(YEAR(Panel!$C$17),MONTH(Panel!$C$17),1),18-1),"") | C25: =IF(B25="","",Panel!$B$9) | E25: =IF(B25="","",Panel!$C$18+C25*18) | F25: =IF(OR(B25="",D25=""),"",Panel!$C$18+SUM($D$8:D25)) | G25: =IF(F25="","",F25-E25) | H25: =IF(B25="","",IF(D25="","Pendiente",IF(G25>=0,"Al día","Por debajo")))
B26: =IF(19<=Panel!$I$15,EDATE(DATE(YEAR(Panel!$C$17),MONTH(Panel!$C$17),1),19-1),"") | C26: =IF(B26="","",Panel!$B$9) | E26: =IF(B26="","",Panel!$C$18+C26*19) | F26: =IF(OR(B26="",D26=""),"",Panel!$C$18+SUM($D$8:D26)) | G26: =IF(F26="","",F26-E26) | H26: =IF(B26="","",IF(D26="","Pendiente",IF(G26>=0,"Al día","Por debajo")))
B27: =IF(20<=Panel!$I$15,EDATE(DATE(YEAR(Panel!$C$17),MONTH(Panel!$C$17),1),20-1),"") | C27: =IF(B27="","",Panel!$B$9) | E27: =IF(B27="","",Panel!$C$18+C27*20) | F27: =IF(OR(B27="",D27=""),"",Panel!$C$18+SUM($D$8:D27)) | G27: =IF(F27="","",F27-E27) | H27: =IF(B27="","",IF(D27="","Pendiente",IF(G27>=0,"Al día","Por debajo")))
B28: =IF(21<=Panel!$I$15,EDATE(DATE(YEAR(Panel!$C$17),MONTH(Panel!$C$17),1),21-1),"") | C28: =IF(B28="","",Panel!$B$9) | E28: =IF(B28="","",Panel!$C$18+C28*21) | F28: =IF(OR(B28="",D28=""),"",Panel!$C$18+SUM($D$8:D28)) | G28: =IF(F28="","",F28-E28) | H28: =IF(B28="","",IF(D28="","Pendiente",IF(G28>=0,"Al día","Por debajo")))
B29: =IF(22<=Panel!$I$15,EDATE(DATE(YEAR(Panel!$C$17),MONTH(Panel!$C$17),1),22-1),"") | C29: =IF(B29="","",Panel!$B$9) | E29: =IF(B29="","",Panel!$C$18+C29*22) | F29: =IF(OR(B29="",D29=""),"",Panel!$C$18+SUM($D$8:D29)) | G29: =IF(F29="","",F29-E29) | H29: =IF(B29="","",IF(D29="","Pendiente",IF(G29>=0,"Al día","Por debajo")))
B30: =IF(23<=Panel!$I$15,EDATE(DATE(YEAR(Panel!$C$17),MONTH(Panel!$C$17),1),23-1),"") | C30: =IF(B30="","",Panel!$B$9) | E30: =IF(B30="","",Panel!$C$18+C30*23) | F30: =IF(OR(B30="",D30=""),"",Panel!$C$18+SUM($D$8:D30)) | G30: =IF(F30="","",F30-E30) | H30: =IF(B30="","",IF(D30="","Pendiente",IF(G30>=0,"Al día","Por debajo")))
B31: =IF(24<=Panel!$I$15,EDATE(DATE(YEAR(Panel!$C$17),MONTH(Panel!$C$17),1),24-1),"") | C31: =IF(B31="","",Panel!$B$9) | E31: =IF(B31="","",Panel!$C$18+C31*24) | F31: =IF(OR(B31="",D31=""),"",Panel!$C$18+SUM($D$8:D31)) | G31: =IF(F31="","",F31-E31) | H31: =IF(B31="","",IF(D31="","Pendiente",IF(G31>=0,"Al día","Por debajo")))
B32: =IF(25<=Panel!$I$15,EDATE(DATE(YEAR(Panel!$C$17),MONTH(Panel!$C$17),1),25-1),"") | C32: =IF(B32="","",Panel!$B$9) | E32: =IF(B32="","",Panel!$C$18+C32*25) | F32: =IF(OR(B32="",D32=""),"",Panel!$C$18+SUM($D$8:D32)) | G32: =IF(F32="","",F32-E32) | H32: =IF(B32="","",IF(D32="","Pendiente",IF(G32>=0,"Al día","Por debajo")))
B33: =IF(26<=Panel!$I$15,EDATE(DATE(YEAR(Panel!$C$17),MONTH(Panel!$C$17),1),26-1),"") | C33: =IF(B33="","",Panel!$B$9) | E33: =IF(B33="","",Panel!$C$18+C33*26) | F33: =IF(OR(B33="",D33=""),"",Panel!$C$18+SUM($D$8:D33)) | G33: =IF(F33="","",F33-E33) | H33: =IF(B33="","",IF(D33="","Pendiente",IF(G33>=0,"Al día","Por debajo")))
B34: =IF(27<=Panel!$I$15,EDATE(DATE(YEAR(Panel!$C$17),MONTH(Panel!$C$17),1),27-1),"") | C34: =IF(B34="","",Panel!$B$9) | E34: =IF(B34="","",Panel!$C$18+C34*27) | F34: =IF(OR(B34="",D34=""),"",Panel!$C$18+SUM($D$8:D34)) | G34: =IF(F34="","",F34-E34) | H34: =IF(B34="","",IF(D34="","Pendiente",IF(G34>=0,"Al día","Por debajo")))
B35: =IF(28<=Panel!$I$15,EDATE(DATE(YEAR(Panel!$C$17),MONTH(Panel!$C$17),1),28-1),"") | C35: =IF(B35="","",Panel!$B$9) | E35: =IF(B35="","",Panel!$C$18+C35*28) | F35: =IF(OR(B35="",D35=""),"",Panel!$C$18+SUM($D$8:D35)) | G35: =IF(F35="","",F35-E35) | H35: =IF(B35="","",IF(D35="","Pendiente",IF(G35>=0,"Al día","Por debajo")))
B36: =IF(29<=Panel!$I$15,EDATE(DATE(YEAR(Panel!$C$17),MONTH(Panel!$C$17),1),29-1),"") | C36: =IF(B36="","",Panel!$B$9) | E36: =IF(B36="","",Panel!$C$18+C36*29) | F36: =IF(OR(B36="",D36=""),"",Panel!$C$18+SUM($D$8:D36)) | G36: =IF(F36="","",F36-E36) | H36: =IF(B36="","",IF(D36="","Pendiente",IF(G36>=0,"Al día","Por debajo")))
B37: =IF(30<=Panel!$I$15,EDATE(DATE(YEAR(Panel!$C$17),MONTH(Panel!$C$17),1),30-1),"") | C37: =IF(B37="","",Panel!$B$9) | E37: =IF(B37="","",Panel!$C$18+C37*30) | F37: =IF(OR(B37="",D37=""),"",Panel!$C$18+SUM($D$8:D37)) | G37: =IF(F37="","",F37-E37) | H37: =IF(B37="","",IF(D37="","Pendiente",IF(G37>=0,"Al día","Por debajo")))
B38: =IF(31<=Panel!$I$15,EDATE(DATE(YEAR(Panel!$C$17),MONTH(Panel!$C$17),1),31-1),"") | C38: =IF(B38="","",Panel!$B$9) | E38: =IF(B38="","",Panel!$C$18+C38*31) | F38: =IF(OR(B38="",D38=""),"",Panel!$C$18+SUM($D$8:D38)) | G38: =IF(F38="","",F38-E38) | H38: =IF(B38="","",IF(D38="","Pendiente",IF(G38>=0,"Al día","Por debajo")))
B39: =IF(32<=Panel!$I$15,EDATE(DATE(YEAR(Panel!$C$17),MONTH(Panel!$C$17),1),32-1),"") | C39: =IF(B39="","",Panel!$B$9) | E39: =IF(B39="","",Panel!$C$18+C39*32) | F39: =IF(OR(B39="",D39=""),"",Panel!$C$18+SUM($D$8:D39)) | G39: =IF(F39="","",F39-E39) | H39: =IF(B39="","",IF(D39="","Pendiente",IF(G39>=0,"Al día","Por debajo")))
B40: =IF(33<=Panel!$I$15,EDATE(DATE(YEAR(Panel!$C$17),MONTH(Panel!$C$17),1),33-1),"") | C40: =IF(B40="","",Panel!$B$9) | E40: =IF(B40="","",Panel!$C$18+C40*33) | F40: =IF(OR(B40="",D40=""),"",Panel!$C$18+SUM($D$8:D40)) | G40: =IF(F40="","",F40-E40) | H40: =IF(B40="","",IF(D40="","Pendiente",IF(G40>=0,"Al día","Por debajo")))
B41: =IF(34<=Panel!$I$15,EDATE(DATE(YEAR(Panel!$C$17),MONTH(Panel!$C$17),1),34-1),"") | C41: =IF(B41="","",Panel!$B$9) | E41: =IF(B41="","",Panel!$C$18+C41*34) | F41: =IF(OR(B41="",D41=""),"",Panel!$C$18+SUM($D$8:D41)) | G41: =IF(F41="","",F41-E41) | H41: =IF(B41="","",IF(D41="","Pendiente",IF(G41>=0,"Al día","Por debajo")))
B42: =IF(35<=Panel!$I$15,EDATE(DATE(YEAR(Panel!$C$17),MONTH(Panel!$C$17),1),35-1),"") | C42: =IF(B42="","",Panel!$B$9) | E42: =IF(B42="","",Panel!$C$18+C42*35) | F42: =IF(OR(B42="",D42=""),"",Panel!$C$18+SUM($D$8:D42)) | G42: =IF(F42="","",F42-E42) | H42: =IF(B42="","",IF(D42="","Pendiente",IF(G42>=0,"Al día","Por debajo")))
B43: =IF(36<=Panel!$I$15,EDATE(DATE(YEAR(Panel!$C$17),MONTH(Panel!$C$17),1),36-1),"") | C43: =IF(B43="","",Panel!$B$9) | E43: =IF(B43="","",Panel!$C$18+C43*36) | F43: =IF(OR(B43="",D43=""),"",Panel!$C$18+SUM($D$8:D43)) | G43: =IF(F43="","",F43-E43) | H43: =IF(B43="","",IF(D43="","Pendiente",IF(G43>=0,"Al día","Por debajo")))

Sheet Instrucciones
B2: Instrucciones: presupuesto de vacaciones en familia
B3: Plantilla gratuita de Plantillas de Cálculo · plantillasdecalculo.com
B5: CÓMO USARLA
B6: 1. En «Panel» rellena los datos del viaje: destino, fecha de salida (C13) y de regreso (C14), número de adultos (C15) y de niños (C16). Los días y las noches se calculan solos.
B7: 2. Indica en C17 el mes en que empiezas a ahorrar y en C18 el dinero que ya tienes reservado. En C19 deja un margen de imprevistos (en el ejemplo, un 10 %).
B8: 3. En «Partidas» apunta cada gasto: nombre, categoría, a quién aplica (Todos, Adultos o Niños), tipo de coste e importe unitario. La columna «Estimado» multiplica sola por personas, días o noches.
B9: 4. Elige el tipo de coste con cuidado: «Fijo» no se multiplica; «Por persona» usa el nº de personas; «Por día» y «Por noche» usan los días o las noches; «Por persona y día» multiplica ambos.
B10: 5. Cuando pagues o confirmes un gasto, escribe el importe en «Real». La «Previsión final» usa el real si existe y el estimado si no, y el estado pasa a «En presupuesto» o «Excedido».
B11: 6. En «Ahorro» aparece un mes por fila hasta la salida. Escribe lo que aportas cada mes en «Aporte real» y compara el acumulado real con el previsto.
B12: 7. Consulta el «Panel»: coste por persona, ahorro mensual necesario, cuánto falta por ahorrar, días para la salida y el gráfico por categorías.
B13: 8. Puedes renombrar las categorías en «Panel» (B23:B28); si lo haces, vuelve a elegirlas en las filas de «Partidas» que las usaban.
B15: CONSEJOS
... B23: Aviso: plantilla de organización y registro del presupuesto familiar, con cálculos orientativos. No constituye asesoramiento financiero.
